 Dungeon Crawl Stone Soup version 0.29.0-4-gdea44cf6ec (webtiles) character file.

Game seed: 12580483312318676524

88 qw the Chopper (level 4, 0/36 HPs)
             Began as a Barachi Chaos Knight on Sept 4, 2022.
             Slain by a gnoll
             ... wielding a +0 spear
              (5 damage)
             ... on level 2 of the Dungeon.
             The game lasted 00:00:50 (1609 turns).

qw the Chopper (Barachi Chaos Knight)               Turns: 1609, Time: 00:00:50

Health: 0/36       AC:  6    Str: 16    XL:     4   Next: 54%
Magic:  4/4        EV: 10    Int: 12    God:
Gold:   104        SH:  0    Dex: 11    Spells: 3/3 levels left

rFire   . . .      SeeInvis .   Y - +0 hand axe (chaos)
rCold   . . .      Faith    .   (no shield)
rNeg    . . .      Spirit   .   d - +0 ring mail
rPois   .          Reflect  .   (no helmet)
rElec   .          Harm     .   b - +0 cloak
rCorr   .          Rampage  .   (no gloves)
Will    .....                   (no boots)
Stlth   +.........              (no amulet)
HPRegen 0.12/turn               (no ring)
MPRegen 0.09/turn               (no ring)

@: slow
A: amphibious, slowness 1, strong legs 1, +LOS
a: Hop


You were on level 2 of the Dungeon.
You visited 1 branch of the dungeon, and saw 3 of its levels.

You collected 104 gold pieces.


Innate Abilities, Weirdness & Mutations

You are amphibious.
You cover ground slowly.
You can hop short distances.
You have an extended range of vision and can be seen from far away.


   Skills:
 - Level 3.6 Fighting
 + Level 5.7 Axes
 - Level 2.4 Armour
 - Level 1.1 Dodging


You had 3 spell levels left.
You didn't know any spells.
Your spell library was empty.

Inventory:

Hand Weapons
 h - a +0 whip
 Y - a +0 hand axe of chaos (weapon)
Missiles
 g - 6 boomerangs (quivered)
Armour
 b - a +0 cloak (worn)
 d - a +0 ring mail (worn)
Scrolls
 a - 2 scrolls of identify
 e - a scroll of blinking {unknown}
Potions
 f - a potion of invisibility {unknown}
 i - a potion of heal wounds {unknown}
Miscellaneous
 c - a piece from Xom's chessboard (15/15)

Dungeon Overview and Level Annotations

Branches:
Dungeon (3/15)

Altars:


Message History

A gnoll comes into view. It is wielding a +4 whip.
A gnoll comes into view. It is wielding a +0 whip.
The gnoll shouts! x2
A bat comes into view.
The gnoll hits you from afar with a +0 spear.
You hit the gnoll but do no damage. The gnoll barely misses you.
The gnoll hits you from afar with a +0 spear.
You hit the gnoll but do no damage. Lightning courses through the gnoll!!
You kill the gnoll!
The bat hits you. The gnoll closely misses you.
You hit the bat.
You kill the bat!
The gnoll hits you but does no damage.
You hit the gnoll but do no damage. You hit the gnoll. You burn the gnoll.
The gnoll misses you. The gnoll hits you but does no damage.
The gnoll hits you with a +4 whip!
You hit the gnoll but do no damage.
The gnoll seems to grow stronger.
The gnoll is heavily wounded.
You hit the gnoll but do no damage. The gnoll hits you with a +4 whip.
The gnoll hits you with a +0 whip!
The gnoll hits you from afar with a +0 spear.
You hit the gnoll but do no damage.
The gnoll is heavily wounded.
You hit the gnoll. You burn the gnoll. The gnoll closely misses you.
The gnoll completely misses you. The gnoll hits you but does no damage.
You barely miss the gnoll.
The gnoll is heavily wounded.
You hit the gnoll. You burn the gnoll. The gnoll hits you with a +0 whip.
The gnoll hits you from afar with a +0 spear.
You slash the gnoll! You burn the gnoll.
You kill the gnoll!
You closely miss the gnoll. The gnoll closely misses you. The gnoll misses you.
You hit the gnoll.
The gnoll is poisoned.
The gnoll is almost dead.
The gnoll hits you from afar with a +0 spear.
You die...

..................#
#.#.
..#.#####.#.#.....#
..##... ....#
#.#.#.#...# #.......
.... ....#+#...####
#######. .#.
##.#..........###+###
#. .#
..#.%......).......#
#.
####................+
+.
.............#.....#
#. ..##....@)...+
..... +. .
#...g%....# ##.# ###.
#....g....+ . ....
#.........# ....
#.........# ....
#.........# ....
#.....#+### ....
#.....# .... ......#
....


You could see 2 gnolls.

Vanquished Creatures
  An adder (D:2)
  2 gnolls (D:2)
  A worm (D:3)
  2 dart slugs (D:1)
  8 bats
  2 endoplasms (D:1)
  A giant cockroach (D:1)
  5 goblins (D:1)
  10 hobgoblins
  7 kobolds
  2 quokkas (D:1)
  3 ball pythons
  A frilled lizard (D:2)
  5 rats
50 creatures vanquished.

Vanquished Creatures (others)
  2 fungi (D:1)
  9 plants (D:1)
11 creatures vanquished.

Grand Total: 61 creatures vanquished

Notes
Turn   | Place    | Note
-------+----------+-------------------------------------------
     0 | D:1      | qw the Barachi Chaos Knight began the quest for the Orb.
     0 | D:1      | Reached XP level 1. HP: 18/18 MP: 1/1
     0 | D:1      | 0 ||| qw: Version: 0.1-a-103-gd6f5d3a
     0 | D:1      | 0 ||| qw: Game counter: 5672
     0 | D:1      | 0 ||| qw: Always use a shield: true
     0 | D:1      | 0 ||| qw: God list: Okawaru
     0 | D:1      | 0 ||| qw: Allow faded altars: false
     0 | D:1      | 0 ||| qw: Do Orc after D:15 true
     0 | D:1      | 0 ||| qw: Do second Lair branch before Depths: true
     0 | D:1      | 0 ||| qw: Lair rune preference: random
     0 | D:1      | 0 ||| qw: Plans: Normal
     0 | D:1      | 0 ||| PLANNING D:1-11
     0 | D:1      | Fell from the grace of Xom
    41 | D:1      | XOM: 3-stop teleportation journey
   144 | D:1      | 144 ||| Stepping ~*~*~tactically~*~*~ (stealth).
   154 | D:1      | Reached XP level 2. HP: 22/24 MP: 2/2
   197 | D:1      | Reached skill level 4 in Axes
   254 | D:1      | 254 ||| Stepping ~*~*~tactically~*~*~ (stealth).
   509 | D:1      | Reached XP level 3. HP: 29/29 MP: 3/3
   516 | D:1      | 516 ||| Stepping ~*~*~tactically~*~*~ (stealth).
   518 | D:1      | XOM: summons 1 hostile demon
   529 | D:1      | 529 ||| Stepping ~*~*~tactically~*~*~ (hiding).
   536 | D:1      | 536 ||| Stepping ~*~*~tactically~*~*~ (hiding).
   538 | D:1      | 538 ||| Stepping ~*~*~tactically~*~*~ (hiding).
   539 | D:1      | 539 ||| Stepping ~*~*~tactically~*~*~ (hiding).
   540 | D:1      | 540 ||| Stepping ~*~*~tactically~*~*~ (hiding).
   561 | D:1      | 561 ||| Stepping ~*~*~tactically~*~*~ (stealth).
   598 | D:1      | 598 ||| DROPPING +0 club.
   609 | D:1      | XOM: noise
   620 | D:1      | 620 ||| Stepping ~*~*~tactically~*~*~ (stealth).
   621 | D:1      | 621 ||| Stepping ~*~*~tactically~*~*~ (stealth).
   954 | D:1      | Found a faded altar of an unknown god.
  1179 | D:1      | 1179 ||| UPGRADING to +0 ring mail.
  1189 | D:1      | 1189 ||| DROPPING +2 leather armour.
  1190 | D:1      | 1190 ||| READING 3 scrolls labelled KOICRO RYKKOXA.
  1191 | D:1      | 1191 ||| READING 2 scrolls of identify.
  1191 | D:1      | 1191 ||| IDENTIFYING viscous black potion
  1192 | D:1      | 1192 ||| DROPPING potion of lignification.
  1333 | D:2      | Reached skill level 5 in Axes
  1342 | D:2      | You fall into a shaft and drop 1 floor!
  1375 | D:3      | 1375 ||| Stepping ~*~*~tactically~*~*~ (stealth).
  1387 | D:3      | 1387 ||| Stepping ~*~*~tactically~*~*~ (stealth).
  1388 | D:3      | 1388 ||| Stepping ~*~*~tactically~*~*~ (stealth).
  1390 | D:3      | 1390 ||| Stepping ~*~*~tactically~*~*~ (stealth).
  1394 | D:3      | 1394 ||| Stepping ~*~*~tactically~*~*~ (stealth).
  1525 | D:3      | 1525 ||| UPGRADING to +0 cloak.
  1539 | D:2      | Reached XP level 4. HP: 36/36 MP: 4/4
  1607 | D:2      | HP: 9/36 [gnoll/+0 whip (1)]
  1609 | D:2      | Slain by a gnoll

Levels and vault maps discovered:
D:1:      amcnicky_arrival_single_pillar, layout_basic,
          shapermc_ecumenical_altar_mp_ritualfount
D:2:      layout_basic
D:3:      layout_basic, amcnicky_altar_gilded

Skill      XL: |  1  2  3 |
---------------+----------+-----
Axes           | 4 5 |  5.7
Fighting       | |  3.6
Armour         | |  2.4
Dodging        | |  1.1

Action                   |  1- 3 |  4- 6 || total
-------------------------+-------+-------++-------
Melee: Hand axe          |   116 |    14 ||   130
       Punch             |     1 |       ||     1
Throw: Boomerang         |    44 |     5 ||    49
Invok: Renounce Religion |     1 |       ||     1
  Use: Scroll            |     2 |       ||     2
Armor: Leather armour    |    33 |       ||    33
       Ring mail         |     6 |     7 ||    13
Dodge: Dodged            |    71 |    10 ||    81

Table legend:
 A = Non-vault XP
 B = Vault XP
 C = Vault XP percentage of total XP
 D = Non-vault monster count
 E = Vault monster count
 F = Vault count percentage of total count
                 A         B        C        D         E       F
            +---------+---------+-------+---------+---------+-------
      Total |     127 |       0 |   0.0 |      50 |       0 |   0.0
            +---------+---------+-------+---------+---------+-------
        D:1 |      60 |       0 |   0.0 |      32 |       0 |   0.0
        D:2 |      49 |       0 |   0.0 |      10 |       0 |   0.0
        D:3 |      18 |       0 |   0.0 |       8 |       0 |   0.0
            +---------+---------+-------+---------+---------+-------
